 Dungeon Crawl Stone Soup version 0.26-a0-689-gc93c913f66 (webtiles) character file.

Game seed: 5474800448358917032

760 ivopereira the Chopper (level 7, -2/63 HPs)
             Began as a Hill Orc Fighter on Oct 23, 2020.
             Slain by an ogre
             ... wielding a +0 giant club
              (23 damage)
             ... on level 5 of the Dungeon.
             The game lasted 00:07:59 (5037 turns).

ivopereira the Chopper (Hill Orc Fighter)           Turns: 5037, Time: 00:08:00

Health: -2/63      AC:  6    Str: 20    XL:     7   Next: 80%
Magic:  7/7        EV:  9    Int:  9    God:
Gold:   187        SH: 10    Dex: 10    Spells: 6/6 levels left

rFire    . . .     SeeInvis .   a - +0 war axe
rCold    . . .     Faith    .   c - +0 kite shield
rNeg     . . .     Spirit   .   s - +3 leather armour {rPois}
rPois    +         Reflect  .   (no helmet)
rElec    .         Harm     .   (no cloak)
rCorr    .         Rampage  .   (no gloves)
MR       .....                  (no boots)
Stlth    +.........             (no amulet)
HPRegen  0.20/turn              (no ring)
MPRegen  0.10/turn              (no ring)

@: no status effects
A: no striking features
a: no special abilities


You were on level 5 of the Dungeon.
You visited 1 branch of the dungeon, and saw 5 of its levels.

You collected 187 gold pieces.

Inventory:

Hand Weapons
 a - a +0 war axe (weapon)
Armour
 b - a +0 scale mail
 c - a +0 kite shield (worn)
 s - a +3 leather armour of poison resistance (worn)
Jewellery
 j - an uncursed ring of resist corrosion {unknown}
 o - an uncursed amulet of the acrobat {unknown}
 p - an uncursed amulet of reflection {unknown}
 r - an uncursed amulet of faith {unknown}
 v - a cursed ring of attention {unknown}
Wands
 q - a wand of disintegration (17)
Scrolls
 e - 4 scrolls of remove curse {unknown}
 g - 9 scrolls of identify {unknown}
 h - a scroll of teleportation {unknown}
 k - 2 scrolls of enchant armour {unknown}
 l - 2 scrolls of blinking {unknown}
 n - a scroll of random uselessness {unknown}
 u - a scroll of immolation {unknown}
Potions
 d - a potion of might
 f - 2 potions of degeneration {unknown}
 i - 3 potions of curing {unknown}
 m - 2 potions of invisibility {unknown}
 t - a potion of stabbing {unknown}


   Skills:
 + Level 6.1 Fighting
 + Level 6.2 Axes
 + Level 5.4 Armour
 - Level 0.3 Dodging
 + Level 5.5 Shields


You had 6 spell levels left.
You didn't know any spells.
Your spell library was empty.

Dungeon Overview and Level Annotations

Branches:
Dungeon (5/15)
 Temple: D:4-7

Altars:
Hepliaklqana


Message History

The centaur hits you. The iguana bites you.
You are too injured to fight recklessly!
You are too injured to fight recklessly!
You are too injured to fight recklessly!
You are too injured to fight recklessly!
You are too injured to fight recklessly!
You are too injured to fight recklessly!
You hit the centaur.
You kill the centaur!
You barely miss the iguana. You block the iguana's attack.
You block the ogre's attack. The iguana barely misses you.
Things that are here:
a +0 shortbow; 17 arrows; a centaur corpse A centaur and an ogre come into view.
You block the iguana's attack. The ogre barely misses you.
You slash the ogre!
The ogre is moderately wounded.
You hit the iguana. The iguana bites you.
The ogre hits you with a +0 giant club!!
You die...

#.# #
#########.# #..
#.....<.#.##..
P #.#.###.#...
.≈ #.#.#.## ≈≈♣
#......# OP≈≈
.#+####.##.≈c.≈
......l)..P≈≈≈≈
......O@.#..≈≈.
......#..# .P..
......#..# ...
....$..... ..
###.# #.### .
#. #.# . ..#
###


You could see 2 ogres, a centaur and an iguana.

Vanquished Creatures
  Grinder (D:3)
  2 centaurs
  2 scorpions (D:4)
  3 orc wizards
  Ijyb (D:3)
  2 worker ants (D:4)
  4 adders
  An ooze (D:3)
  2 worms (D:2)
  3 dart slugs
  2 leopard geckos (D:2)
  12 orcs
  3 giant cockroaches
  11 goblins
  11 hobgoblins
  5 jackals (D:3)
  5 quokkas
  A ball python (D:4)
  12 bats
  7 frilled lizards
  7 kobolds
  A leopard gecko skeleton (D:4)
  5 rats
103 creatures vanquished.

Notes
Turn   | Place    | Note
-------+----------+-------------------------------------------
     0 | D:1      | ivopereira the Hill Orc Fighter began the quest for the
                  | Orb.
     0 | D:1      | Reached XP level 1. HP: 19/19 MP: 1/1
   290 | D:1      | Reached XP level 2. HP: 23/27 MP: 2/2
   798 | D:1      | Reached XP level 3. HP: 33/33 MP: 3/3
  1205 | D:2      | Reached XP level 4. HP: 37/40 MP: 4/4
  2403 | D:3      | Reached XP level 5. HP: 42/47 MP: 5/5
  2481 | D:3      | Noticed Grinder
  2499 | D:3      | Killed Grinder
  2499 | D:3      | Reached skill level 5 in Fighting
  2499 | D:3      | Reached skill level 5 in Axes
  2499 | D:3      | Reached XP level 6. HP: 19/56 MP: 6/6
  2889 | D:3      | Noticed Ijyb
  2903 | D:3      | Killed Ijyb
  3204 | D:3      | Reached skill level 5 in Shields
  3204 | D:3      | Reached XP level 7. HP: 61/61 MP: 7/7
  3443 | D:3      | Reached skill level 5 in Armour
  4592 | D:4      | Found a hazy altar of Hepliaklqana.
  5022 | D:5      | Entered Level 5 of the Dungeon
  5037 | D:5      | Slain by an ogre

Illustrated notes

Levels and vault maps discovered:
D:1:      matt_arrival_diagonals, layout_rooms
D:2:      layout_loops_cross, minivault_23, grunt_ministairs_5,
          kennysheep_generic_room_16
D:3:      layout_loops_corners, uniq_grinder, uniq_ijyb
D:4:      layout_basic, lemuel_round_altar, dk_noncrumbling_3,
          nicolae_zen_rock_garden
D:5:      layout_basic, serial_bayou_pond_b

Skill      XL: |  1  2  3  4  5  6  7 |
---------------+----------------------+-----
Axes           | 3 4 5 6 |  6.2
Fighting       | 4 5 6 |  6.1
Shields        | 4 5 |  5.5
Armour         | 4 5 |  5.4
Dodging        | |  0.3

Action                   |  1- 3 |  4- 6 |  7- 9 || total
-------------------------+-------+-------+-------++-------
Melee: War axe           |   115 |   125 |    87 ||   327
Armor: Scale mail        |    53 |    59 |       ||   112
       Leather armour    |       |     1 |    31 ||    32
Dodge: Dodged            |    34 |    46 |    35 ||   115
Block: Kite shield       |    71 |    77 |    50 ||   198

Table legend: (Time is in decaauts)
 A = Elapsed time spent in this place.
 B = Non-inter-level travel time spent in this place.
 C = Inter-level travel time spent in this place.
 D = Time resting spent in this place.
 E = Time spent auto-exploring this place.
 F = Levels seen in this place.
 G = Mean time per level.
                   A        B        C        D        E       F      G
               +--------+--------+--------+--------+--------+-----+--------+
         Total |   5153 |   4920 |    233 |    894 |   3084 |   5 | 1030.6 |
       Dungeon |   5153 |   4920 |    233 |    894 |   3084 |   5 | 1030.6 |
               +--------+--------+--------+--------+--------+-----+--------+

Top non-repeatable levels by time:
     D:3: 1794 daAuts
     D:4: 1282 daAuts
     D:2: 1203 daAuts
     D:1: 857 daAuts
     D:5: 16 daAuts
